[Event "POR-ch Amateur 2018"]
[Site "Braga"]
[Date "2018.09.07"]
[Round "2"]
[White "Lomba, Lucas"]
[Black "Carvalho, Vitor Hugo Pina Soa"]
[Result "1-0"]
[ECO "B08"]
[WhiteElo "1383"]
[BlackElo "1884"]
[PlyCount "85"]
[EventDate "2018.09.02"]
[EventType "tourn"]
[EventCountry "POR"]
[TimeControl "40/5400+30:1800+30"]
[WhiteClock "0:00:58"]
[BlackClock "0:20:49"]

1. e4 d6 2. d4 Nf6 3. Nc3 g6 4. Nf3 Bg7 5. Be2 O-O 6. O-O a6 7. Bg5 b6 8. e5 Nfd7 9. exd6 cxd6 10. Qd2 Re8 11. Bc4 Qc7 12. Bb3 e6 13. Qf4 Bb7 14. Rfe1 Bxf3 15. Qxf3 Nc6 16. Nd5 Qc8 17. Nf6+ Nxf6 18. Bxf6 Nxd4 19. Bxd4 Bxd4 20. Rad1 Bc5 21. h4 Qd8 22. Re4 Kg7 23. h5 d5 24. Rf4 Ra7 25. hxg6 hxg6 26. g3 Rh8 27. Kg2 Bd6 28. Qc3+ f6 29. Rf3 Be5 30. Qe3 Qd6 31. c3 Kg8 32. Rh1 Rah7 33. Rxh7 Rxh7 34. Bc2 Kg7 35. Qd3 f5 36. Qxa6 Kf6 37. Qc8 Qe7 38. Re3 Bd6 39. Bb3 Qd7 40. Qg8 Qf7 41. Qd8+ Be7 42. Qxb6 Qg8 43. Bxd5 1-0

[Event "POR-ch Amateur 2018"]
[Site "Braga"]
[Date "2018.09.07"]
[Round "2"]
[White "Fernandes, Rui Filipe Santos"]
[Black "De Souza, Paulo H  Pinheiro"]
[Result "1-0"]
[ECO "C25"]
[WhiteElo "1345"]
[BlackElo "1619"]
[PlyCount "59"]
[EventDate "2018.09.02"]
[EventType "tourn"]
[EventCountry "POR"]
[TimeControl "40/5400+30:1800+30"]
[WhiteClock "0:25:42"]
[BlackClock "0:25:02"]

1. e4 e5 2. Nc3 Bc5 3. Bc4 Nf6 4. Nf3 d6 5. h3 c6 6. O-O b5 7. Bd3 O-O 8. a3 a5 9. Ne2 Ba6 10. c3 Re8 11. Ng3 d5 12. b4 axb4 13. axb4 Bb6 14. Bb2 c5 15. bxc5 Bxc5 16. Re1 Qb6 17. Re2 b4 18. Bxa6 Rxa6 19. cxb4 Qxb4 20. Rxa6 Nxa6 21. Bxe5 Nxe4 22. Nxe4 dxe4 23. Bc3 Qb5 24. Nd4 Qd7 25. Qa1 Nb4 26. Nb3 Nc2 27. Nxc5 Nb4 28. Nb3 Nd3 29. Nc5 Nxc5 30. Bxg7 1-0

[Event "POR-ch Amateur 2018"]
[Site "Braga"]
[Date "2018.09.07"]
[Round "2"]
[White "Fernandes, Tiago Joao Carneiro"]
[Black "Areal, Maria Beatriz Moura"]
[Result "1-0"]
[ECO "B10"]
[WhiteElo "1232"]
[BlackElo "1051"]
[PlyCount "41"]
[EventDate "2018.09.02"]
[EventType "tourn"]
[EventCountry "POR"]
[TimeControl "40/5400+30:1800+30"]

1. e4 c6 2. Nf3 d5 3. Nc3 dxe4 4. Nxe4 Bf5 5. Ng3 Bc8 6. Bc4 Nd7 7. O-O Ngf6 8. Re1 e6 9. Ng5 Be7 10. Qf3 Nb6 11. Bb3 h6 12. N5e4 Nxe4 13. Rxe4 O-O 14. d3 Nd7 15. Nh5 Nc5 16. Rg4 Nxb3 17. Rxg7+ Kh8 18. axb3 f5 19. Bxh6 Re8 20. Nf4 Bf6 21. Ng6# 1-0

[Event "POR-ch Amateur 2018"]
[Site "Braga"]
[Date "2018.09.07"]
[Round "2"]
[White "Duarte, Francisco"]
[Black "Pontes, Tiago Jose Freixo"]
[Result "1-0"]
[ECO "D31"]
[WhiteElo "1205"]
[BlackElo "1040"]
[PlyCount "34"]
[EventDate "2018.09.02"]
[EventType "tourn"]
[EventCountry "POR"]
[TimeControl "40/5400+30:1800+30"]

1. d4 d5 2. c4 e6 3. Nc3 c6 4. e4 Bb4 5. e5 b5 6. cxd5 cxd5 7. Bxb5+ Bd7 8. Qa4 Be7 9. Nf3 Nh6 10. Bxh6 gxh6 11. O-O a6 12. Bxd7+ Qxd7 13. Qc2 Qc7 14. Qd2 Bb4 15. Rac1 Nd7 16. Qxh6 Rc8 17. Nxd5 exd5 1-0

[Event "POR-ch Amateur 2018"]
[Site "Braga"]
[Date "2018.09.07"]
[Round "2"]
[White "Pacheco, Joao Pedro Lima"]
[Black "Brandao, Bruno Lopes"]
[Result "0-1"]
[ECO "B31"]
[WhiteElo "1084"]
[BlackElo "1711"]
[PlyCount "94"]
[EventDate "2018.09.02"]
[EventType "tourn"]
[EventCountry "POR"]
[TimeControl "40/5400+30:1800+30"]

1. e4 c5 2. Nf3 Nc6 3. Bb5 g6 4. Nc3 Bg7 5. d3 Nd4 6. Be3 Nxb5 7. Nxb5 Qa5+ 8. Nc3 Bxc3+ 9. Bd2 Bxd2+ 10. Nxd2 d6 11. O-O Be6 12. b3 b5 13. h3 Nf6 14. Qe2 Nd7 15. Nf3 O-O 16. Qe3 f6 17. d4 Qb6 18. d5 Bf7 19. Qf4 Ne5 20. Nd2 c4 21. bxc4 Nxc4 22. Nf3 Ne5 23. Nd2 Rfc8 24. Rfc1 Rc3 25. Nb1 Rc5 26. Nd2 Rac8 27. Nf3 Nxf3+ 28. Qxf3 Rxc2 29. Re1 R8c3 30. Qf4 g5 31. Qf5 Bg6 32. Qe6+ Kf8 33. Rf1 Re2 34. Rae1 Rxe1 35. Rxe1 Rc2 36. Rf1 a5 37. Qg4 b4 38. Kh2 Rxf2 39. Qc8+ Be8 40. Rxf2 Qxf2 41. Qc4 Qf4+ 42. Kh1 Qd2 43. Kh2 a4 44. e5 Qf4+ 45. Qxf4 gxf4 46. exf6 exf6 47. Kg1 b3 0-1

[Event "POR-ch Amateur 2018"]
[Site "Braga"]
[Date "2018.09.08"]
[Round "3"]
[White "Duarte Mermow, Marcelo"]
[Black "Pacheco, Joao Pedro Lima"]
[Result "0-1"]
[ECO "C42"]
[WhiteElo "2341"]
[BlackElo "1084"]
[PlyCount "58"]
[EventDate "2018.09.02"]
[EventType "tourn"]
[EventCountry "POR"]
[TimeControl "40/5400+30:1800+30"]

1. e4 e5 2. Nf3 Nf6 3. Bc4 d5 4. exd5 Nxd5 5. Nc3 Nxc3 6. bxc3 Bg4 7. h3 Bh5 8. O-O Bd6 9. Bb2 O-O 10. Bb3 h6 11. c4 Qf6 12. c3 Nc6 13. Bc2 a6 14. Bb1 Rab8 15. Qc2 Bg6 16. d3 Rfe8 17. Nh4 Qf4 18. Nxg6 fxg6 19. f3 e4 20. dxe4 Re6 21. Re1 Qh2+ 22. Kf2 Bc5+ 23. Ke2 Qxg2+ 24. Kd1 Qxf3+ 25. Re2 Rd8+ 26. Ke1 Qg3+ 27. Rf2 Rxe4+ 28. Kf1 Qxh3+ 29. Kg1 Rg4# 0-1

[Event "POR-ch Amateur 2018"]
[Site "Braga"]
[Date "2018.09.08"]
[Round "3"]
[White "Leao, Tiago Miguel Da Sil"]
[Black "Demyanchuk, Sergey"]
[Result "1/2-1/2"]
[ECO "C65"]
[WhiteElo "2084"]
[BlackElo "1818"]
[PlyCount "110"]
[EventDate "2018.09.02"]
[EventType "tourn"]
[EventCountry "POR"]
[TimeControl "40/5400+30:1800+30"]
[WhiteClock "0:34:41"]
[BlackClock "0:13:11"]

1. e4 e5 2. Nf3 Nc6 3. Bb5 Nf6 4. d3 d6 5. c3 Be7 6. O-O Bg4 7. Nbd2 O-O 8. Re1 a6 9. Ba4 h6 10. Nf1 Nh7 11. h3 Bd7 12. Ng3 Bg5 13. d4 b5 14. Bc2 a5 15. dxe5 Nxe5 16. Nxe5 dxe5 17. Qe2 Qe7 18. Be3 Rfd8 19. Rad1 c5 20. Nf5 Bxf5 21. exf5 Bxe3 22. Rxd8+ Rxd8 23. Qxe3 f6 24. f4 Kf7 25. Bd1 Qd6 26. Bh5+ Kg8 27. Rd1 Qc7 28. Rxd8+ Qxd8 29. fxe5 fxe5 30. Qxe5 Nf6 31. Qxc5 Nxh5 32. Qxb5 Ng3 33. Kh2 Nh5 34. Qe2 Qd6+ 35. Kg1 Qc5+ 36. Qf2 Qd5 37. Qf3 Qxf3 38. gxf3 Kf7 39. b4 Nf4 40. bxa5 Ne2+ 41. Kf2 Nxc3 42. a6 Nb5 43. a4 Nc7 44. a7 Kf6 45. Kg3 Kxf5 46. f4 g6 47. Kf3 Na8 48. Ke3 Ke6 49. Ke4 Kd6 50. Kd4 Nc7 51. Ke4 Ke6 52. Kd4 Kf5 53. Ke3 Ke6 54. Kd4 Kd6 55. Ke4 Na8 1/2-1/2

[Event "POR-ch Amateur 2018"]
[Site "Braga"]
[Date "2018.09.09"]
[Round "3"]
[White "Leao, Tiago Miguel Da Sil"]
[Black "Monteiro, Jose Macedo"]
[Result "1/2-1/2"]
[ECO "C77"]
[WhiteElo "2084"]
[BlackElo "1889"]
[PlyCount "67"]
[EventDate "2018.09.02"]
[EventType "tourn"]
[EventCountry "POR"]
[TimeControl "40/5400+30:1800+30"]
[WhiteClock "0:29:03"]
[BlackClock "0:19:45"]

1. e4 e5 2. Nf3 Nc6 3. Bb5 a6 4. Ba4 Nf6 5. d3 b5 6. Bb3 Be7 7. O-O d6 8. c3 Na5 9. Bc2 c5 10. Re1 Bd7 11. Nbd2 Qc7 12. Nf1 O-O 13. Ng3 Rfe8 14. h3 Bd8 15. d4 cxd4 16. cxd4 Rc8 17. Bd3 Nc6 18. dxe5 dxe5 19. b3 Nb4 20. Bb2 Qb8 21. a3 Nxd3 22. Qxd3 Ba5 23. Rec1 Bc6 24. Rc5 Bxe4 25. Nxe4 Rxc5 26. Nxc5 e4 27. Qe2 exf3 28. Qxf3 Qc8 29. b4 Bd8 30. Rc1 Be7 31. Ne4 Qe6 32. Nxf6+ Bxf6 33. Bxf6 Qxf6 34. Qxf6 1/2-1/2

[Event "POR-ch Amateur 2018"]
[Site "Braga"]
[Date "2018.09.09"]
[Round "3"]
[White "Pinto, Andre Filipe Silva"]
[Black "Fonseca, Pedro Miguel Ramos"]
[Result "0-1"]
[ECO "C50"]
[WhiteElo "2002"]
[BlackElo "1393"]
[PlyCount "134"]
[EventDate "2018.09.02"]
[EventType "tourn"]
[EventCountry "POR"]
[TimeControl "40/5400+30:1800+30"]
[WhiteClock "0:53:16"]
[BlackClock "0:45:53"]

1. e4 e5 2. Nf3 Nc6 3. Bc4 Bc5 4. d3 Nf6 5. O-O d6 6. h3 h6 7. Nc3 a6 8. Qe1 O-O 9. Be3 Ba7 10. a3 Ne7 11. Bxa7 Rxa7 12. Qe3 Ra8 13. Rab1 Be6 14. Nd2 Ng6 15. Ne2 b5 16. Bxe6 fxe6 17. f4 exf4 18. Nxf4 Nxf4 19. Qxf4 c6 20. e5 Qb6+ 21. Kh1 Nd7 22. Qg4 Rf5 23. Rxf5 exf5 24. Qxf5 Nxe5 25. Qe6+ Nf7 26. Ne4 Qc7 27. Rf1 Rd8 28. Nxd6 Rxd6 29. Qe8+ Kh7 30. Qxf7 Qxf7 31. Rxf7 Re6 32. Rf2 Kg6 33. g3 Re1+ 34. Kg2 Rb1 35. c3 c5 36. Rd2 Kf5 37. d4 cxd4 38. cxd4 Ke6 39. d5+ Kd6 40. Kf3 Re1 41. Rd4 Re5 42. Rg4 g5 43. h4 Kxd5 44. hxg5 hxg5 45. a4 Kc6 46. Re4 Rxe4 47. Kxe4 bxa4 48. Kf5 Kb5 49. Kxg5 Kb4 50. Kf5 Kb3 51. g4 Kxb2 52. g5 a3 53. g6 a2 54. g7 a1=Q 55. g8=Q Qf1+ 56. Ke5 Qe2+ 57. Kd4 Qf2+ 58. Kc4 Ka3 59. Qb8 Qf1+ 60. Kc3 Qf3+ 61. Kc2 Qe4+ 62. Kd2 a5 63. Kc1 Qc4+ 64. Kb1 Qb4+ 65. Qxb4+ axb4 66. Ka1 b3 67. Kb1 b2 0-1

[Event "POR-ch Amateur 2018"]
[Site "Braga"]
[Date "2018.09.08"]
[Round "3"]
[White "Pinto, Andre Filipe Silva"]
[Black "Lomba, Lucas"]
[Result "0-1"]
[ECO "C50"]
[WhiteElo "2002"]
[BlackElo "1383"]
[PlyCount "64"]
[EventDate "2018.09.02"]
[EventType "tourn"]
[EventCountry "POR"]
[TimeControl "40/5400+30:1800+30"]
[WhiteClock "1:09:28"]
[BlackClock "1:02:39"]

1. e4 e5 2. Nf3 Nc6 3. Bc4 Bc5 4. d3 Nf6 5. O-O O-O 6. Nc3 d6 7. h3 Re8 8. Qe1 Nd4 9. Nxd4 Bxd4 10. Be3 Bxe3 11. Qxe3 Be6 12. Bb3 d5 13. exd5 Nxd5 14. Qxe5 c6 15. Nxd5 Bxd5 16. Qd4 Bxb3 17. Qxd8 Raxd8 18. axb3 Re2 19. Rxa7 Rxc2 20. Rxb7 Rxb2 21. Rc1 g6 22. Rxc6 Rxd3 23. Rf6 Rdxb3 24. Rbxf7 Rb7 25. Rxb7 Rxb7 26. g4 Rb3 27. Kg2 Kg7 28. g5 h6 29. h4 Rb5 30. f4 Rb2+ 31. Kf3 Rb3+ 32. Kg4 h5# 0-1

[Event "POR-ch Amateur 2018"]
[Site "Braga"]
[Date "2018.09.08"]
[Round "3"]
[White "Monteiro, Jose Macedo"]
[Black "Ribeiro, Rodrigo"]
[Result "1-0"]
[ECO "D02"]
[WhiteElo "1889"]
[BlackElo "1696"]
[PlyCount "71"]
[EventDate "2018.09.02"]
[EventType "tourn"]
[EventCountry "POR"]
[TimeControl "40/5400+30:1800+30"]
[WhiteClock "0:32:31"]
[BlackClock "0:48:05"]

1. d4 d5 2. Nf3 Bg4 3. Ne5 Bf5 4. g4 Be4 5. f3 Bg6 6. h4 f6 7. Nxg6 hxg6 8. Qd3 Qd6 9. Qxg6+ Kd8 10. f4 Qe6 11. g5 Nd7 12. Bh3 Qd6 13. Bg2 Nb6 14. c3 c6 15. e3 Qe6 16. Bh3 Qd6 17. Bg4 Kc7 18. b3 Rd8 19. Ba3 c5 20. dxc5 Qc6 21. cxb6+ Qxb6 22. Kf2 Qc6 23. Bf3 Qb6 24. Qf7 Qb5 25. c4 Qb6 26. Bxd5 Kb8 27. Nc3 Qa5 28. Bb2 Qb6 29. Rad1 e5 30. Na4 Qa6 31. Be6 Qa5 32. Rxd8+ Qxd8 33. Rd1 Bd6 34. Rxd6 Qxd6 35. Qe8+ Kc7 36. Qc8# 1-0

[Event "POR-ch Amateur 2018"]
[Site "Braga"]
[Date "2018.09.08"]
[Round "3"]
[White "Monteiro, Jose Macedo"]
[Black "Godinho Marques, Pedro"]
[Result "1-0"]
[ECO "B23"]
[WhiteElo "1889"]
[BlackElo "1853"]
[PlyCount "77"]
[EventDate "2018.09.02"]
[EventType "tourn"]
[EventCountry "POR"]
[TimeControl "40/5400+30:1800+30"]
[WhiteClock "0:00:31"]
[BlackClock "0:53:01"]

1. e4 c5 2. Nc3 Nc6 3. f4 e6 4. Nf3 a6 5. g3 d5 6. Bg2 Nf6 7. e5 Nd7 8. O-O b5 9. Ng5 Ndxe5 10. d3 Be7 11. fxe5 Bxg5 12. Qh5 Nxe5 13. Bxg5 Qd7 14. Rae1 Ng6 15. Nxd5 Ra7 16. Nb6 Qc7 17. Nxc8 Qxc8 18. Be3 Rc7 19. c3 O-O 20. d4 c4 21. Bf4 Nxf4 22. Rxf4 Qd7 23. Rh4 h6 24. Qe5 Qe7 25. Rg4 g6 26. Rf4 Re8 27. Qf6 Qxf6 28. Rxf6 Kg7 29. Rf2 Rd8 30. Re5 Rcd7 31. a3 Rd6 32. Rc5 R6d7 33. Re2 Rd6 34. Rc7 R8d7 35. Rxd7 Rxd7 36. Re5 Ra7 37. Rc5 Kf6 38. Rc8 a5 39. Ra8 1-0

[Event "POR-ch Amateur 2018"]
[Site "Braga"]
[Date "2018.09.08"]
[Round "3"]
[White "Carvalho, Vitor Hugo Pina Soa"]
[Black "Guimaraes, Henrique"]
[Result "0-1"]
[ECO "C54"]
[WhiteElo "1884"]
[BlackElo "1135"]
[PlyCount "70"]
[EventDate "2018.09.02"]
[EventType "tourn"]
[EventCountry "POR"]
[TimeControl "40/5400+30:1800+30"]

1. e4 e5 2. Nf3 Nc6 3. Bc4 Bc5 4. c3 Nf6 5. O-O d5 6. exd5 Nxd5 7. d4 exd4 8. cxd4 Bb4 9. a3 Ba5 10. b4 Bb6 11. Re1+ Be6 12. Bxd5 Qxd5 13. Bb2 O-O-O 14. Nc3 Qd7 15. Ne5 Qxd4 16. Qxd4 Nxd4 17. Rac1 Nb3 18. Rcd1 Rd2 19. Rxd2 Nxd2 20. Na4 Rd8 21. Nxb6+ axb6 22. Bc3 f6 23. Rd1 Nf3+ 24. Nxf3 Rxd1+ 25. Be1 Bd5 26. Kf1 Bxf3 27. gxf3 Rd3 28. a4 Rxf3 29. Kg2 Ra3 30. a5 bxa5 31. bxa5 Kd7 32. h4 c5 33. h5 h6 34. f3 c4 35. f4 c3 0-1

[Event "POR-ch Amateur 2018"]
[Site "Braga"]
[Date "2018.09.09"]
[Round "3"]
[White "Carvalho, Vitor Hugo Pina Soa"]
[Black "Da Silva, Pedro Vieira Prado"]
[Result "1/2-1/2"]
[ECO "E11"]
[WhiteElo "1884"]
[BlackElo "1521"]
[PlyCount "50"]
[EventDate "2018.09.02"]
[EventType "tourn"]
[EventCountry "POR"]
[TimeControl "40/5400+30:1800+30"]
[WhiteClock "0:18:40"]
[BlackClock "0:11:44"]

1. d4 Nf6 2. c4 e6 3. Nf3 Bb4+ 4. Bd2 Bxd2+ 5. Nbxd2 O-O 6. e3 d5 7. Bd3 Nbd7 8. b4 b6 9. c5 Bb7 10. Qc2 c6 11. a4 a6 12. O-O bxc5 13. bxc5 a5 14. Rab1 Qc7 15. Qc3 Rfb8 16. Rb3 Ba6 17. Bxa6 Rxa6 18. Rfb1 Raa8 19. Rxb8+ Nxb8 20. Ne5 Na6 21. Nd3 Kf8 22. Rb6 Nd7 23. Rb3 Nf6 24. Qb2 Ra7 25. Nf3 Nd7 1/2-1/2

[Event "POR-ch Amateur 2018"]
[Site "Braga"]
[Date "2018.09.09"]
[Round "3"]
[White "Godinho Marques, Pedro"]
[Black "Santos, Jose Miguel Sereno"]
[Result "1-0"]
[ECO "D00"]
[WhiteElo "1853"]
[BlackElo "1706"]
[PlyCount "93"]
[EventDate "2018.09.02"]
[EventType "tourn"]
[EventCountry "POR"]
[TimeControl "40/5400+30:1800+30"]

1. d4 d5 2. Bf4 Bf5 3. e3 Nf6 4. c4 c6 5. Qb3 Qc8 6. Nc3 dxc4 7. Bxc4 e6 8. Rc1 Nbd7 9. Nf3 Be7 10. a4 b6 11. O-O Qb7 12. Nd2 O-O 13. e4 Bg6 14. Rfe1 Rac8 15. Nf3 a6 16. Bg5 b5 17. e5 Nd5 18. Bxd5 Bxg5 19. Bxc6 Qxc6 20. axb5 axb5 21. Nxg5 Bd3 22. h3 Bc4 23. Qd1 h6 24. Nge4 Qb6 25. Nd6 Rc6 26. b3 Bd5 27. Ndxb5 Rfc8 28. Nxd5 Rxc1 29. Nxb6 Rxd1 30. Rxd1 Nxb6 31. Nd6 Rb8 32. Rc1 Nd5 33. Rc8+ Rxc8 34. Nxc8 Kf8 35. Kf1 f6 36. g3 Ke8 37. Ke2 Kd7 38. Nd6 f5 39. Kd3 g5 40. Nf7 f4 41. Nxh6 Nb4+ 42. Ke4 fxg3 43. fxg3 Nc2 44. Nf7 Na1 45. b4 Nc2 46. b5 Na3 47. Nd6 1-0

[Event "POR-ch Amateur 2018"]
[Site "Braga"]
[Date "2018.09.09"]
[Round "3"]
[White "Demyanchuk, Sergey"]
[Black "Andrade, Ricardo Sarmento"]
[Result "1-0"]
[ECO "B32"]
[WhiteElo "1818"]
[BlackElo "1744"]
[PlyCount "85"]
[EventDate "2018.09.02"]
[EventType "tourn"]
[EventCountry "POR"]
[TimeControl "40/5400+30:1800+30"]
[WhiteClock "0:49:31"]
[BlackClock "0:55:42"]

1. e4 c5 2. Nf3 Nc6 3. d4 cxd4 4. Nxd4 e5 5. Nxc6 bxc6 6. Bc4 Nf6 7. O-O Be7 8. Nc3 O-O 9. b3 Bb7 10. Bb2 d5 11. Bd3 Qc7 12. Qf3 Rad8 13. Rad1 g6 14. Bc1 dxe4 15. Nxe4 Nxe4 16. Qxe4 c5 17. Qe3 Qc6 18. Qg3 Bd6 19. Bc4 Ba6 20. Bxa6 Qxa6 21. Bh6 Rfe8 22. Qg5 Bc7 23. Qe3 c4 24. a4 cxb3 25. cxb3 Rxd1 26. Rxd1 Qe6 27. Qxa7 Bb6 28. Qd7 Qxd7 29. Rxd7 Rd8 30. Rxd8+ Bxd8 31. b4 f5 32. Be3 Kf7 33. a5 f4 34. Bb6 Ke8 35. Bc5 Kd7 36. a6 Kc8 37. b5 e4 38. Kf1 g5 39. Ke2 h5 40. b6 h4 41. h3 g4 42. hxg4 f3+ 43. Kf1 1-0

[Event "POR-ch Amateur 2018"]
[Site "Braga"]
[Date "2018.09.08"]
[Round "3"]
[White "Andrade, Ricardo Sarmento"]
[Black "Godinho Marques, Pedro"]
[Result "1-0"]
[ECO "D00"]
[WhiteElo "1744"]
[BlackElo "1853"]
[PlyCount "87"]
[EventDate "2018.09.02"]
[EventType "tourn"]
[EventCountry "POR"]
[TimeControl "40/5400+30:1800+30"]
[WhiteClock "0:00:47"]
[BlackClock "0:18:55"]

1. d4 d5 2. Bf4 Bf5 3. e3 Nf6 4. c4 c6 5. Qb3 Qb6 6. c5 Qxb3 7. axb3 Nh5 8. Bc7 g6 9. Nc3 Nd7 10. h3 Nhf6 11. Nf3 h6 12. b4 a6 13. Be2 Bg7 14. O-O O-O 15. g4 Be6 16. Nd2 Rac8 17. Bg3 Nh7 18. f3 f5 19. Nb3 Ra8 20. Na5 Ra7 21. b5 f4 22. b6 Raa8 23. Bf2 Ng5 24. Kg2 fxe3 25. Bxe3 Rab8 26. Bxa6 bxa6 27. Nxc6 Rbe8 28. Rxa6 Nb8 29. Nxb8 Rxb8 30. h4 Bc8 31. Ra7 Ne6 32. Nxd5 Bb7 33. Nxe7+ Kh7 34. d5 Nf4+ 35. Bxf4 Rxf4 36. c6 Bxc6 37. dxc6 Rxb6 38. Nd5 Rxb2+ 39. Rf2 Rxf2+ 40. Kxf2 Rf8 41. Rd7 Kh8 42. Ne7 Kh7 43. c7 Bd4+ 44. Rxd4 1-0

[Event "POR-ch Amateur 2018"]
[Site "Braga"]
[Date "2018.09.08"]
[Round "3"]
[White "Areal, Pedro"]
[Black "Andrade, Ricardo Sarmento"]
[Result "1/2-1/2"]
[ECO "A45"]
[WhiteElo "1732"]
[BlackElo "1744"]
[PlyCount "85"]
[EventDate "2018.09.02"]
[EventType "tourn"]
[EventCountry "POR"]
[TimeControl "40/5400+30:1800+30"]
[WhiteClock "0:06:49"]
[BlackClock "0:04:27"]

1. d4 Nf6 2. Bg5 c6 3. Bxf6 gxf6 4. c3 d5 5. g3 Bf5 6. Nd2 Qb6 7. Qb3 Nd7 8. Bg2 e5 9. e3 Bg7 10. Ne2 O-O 11. O-O Rfe8 12. Rfe1 a5 13. a4 Ra6 14. Ra3 Bf8 15. Qxb6 Rxb6 16. Rb3 Rxb3 17. Nxb3 b6 18. Nd2 Bc2 19. b3 Bd3 20. Bf1 Bh6 21. Nc1 Bxf1 22. Kxf1 e4 23. Ne2 Kf8 24. c4 f5 25. cxd5 cxd5 26. Rc1 Re6 27. Rc7 Ke7 28. Nc3 Kd8 29. Nb5 Bf8 30. Rc1 Bb4 31. Nb1 Nb8 32. Nc7 Rd6 33. Ke2 Kd7 34. Kd1 Nc6 35. Nb5 Rh6 36. h4 Rg6 37. N1c3 Bxc3 38. Rxc3 h5 39. Rc1 Rg8 40. Nc3 Nb4 41. Nb5 Nc6 42. Nc3 Nb4 43. Nb5 1/2-1/2

[Event "POR-ch Amateur 2018"]
[Site "Braga"]
[Date "2018.09.08"]
[Round "3"]
[White "Brandao, Bruno Lopes"]
[Black "Machado, Tiago Candido Leita"]
[Result "1-0"]
[ECO "D02"]
[WhiteElo "1711"]
[BlackElo "1473"]
[PlyCount "72"]
[EventDate "2018.09.02"]
[EventType "tourn"]
[EventCountry "POR"]
[TimeControl "40/5400+30:1800+30"]
[WhiteClock "0:37:34"]
[BlackClock "1:10:15"]

1. d4 d5 2. Nf3 Nf6 3. Bf4 Bf5 4. e3 e6 5. c3 Bd6 6. Bg3 h6 7. Bd3 Bxd3 8. Qxd3 O-O 9. Nbd2 Nbd7 10. Ne5 Bxe5 11. dxe5 Nc5 12. Qd4 Nfe4 13. Nxe4 Nxe4 14. f3 c5 15. Qd1 Nxg3 16. hxg3 Qg5 17. Kf2 Qxe5 18. f4 Qe4 19. Qe2 Rfd8 20. Rad1 Rd7 21. Rh5 f6 22. Qg4 Kf7 23. Rh4 Rad8 24. Qh5+ Kf8 25. Rd2 b6 26. Qg4 Rd6 27. Qh3 d4 28. exd4 cxd4 29. Re2 Qd5 30. Rxh6 gxh6 31. Qxh6+ Ke8 32. Qxf6 d3 33. Re5 Qc6 34. Rg5 Kd7 35. Rg7+ Kc8 36. f5 Qc5+ 1-0

[Event "POR-ch Amateur 2018"]
[Site "Braga"]
[Date "2018.09.09"]
[Round "3"]
[White "Brandao, Bruno Lopes"]
[Black "Fernandes, Tiago Joao Carneiro"]
[Result "1-0"]
[ECO "A05"]
[WhiteElo "1711"]
[BlackElo "1232"]
[PlyCount "103"]
[EventDate "2018.09.02"]
[EventType "tourn"]
[EventCountry "POR"]
[TimeControl "40/5400+30:1800+30"]

1. Nf3 Nf6 2. g3 Nc6 3. Bg2 d5 4. O-O e5 5. d3 Bc5 6. Nbd2 h6 7. e4 O-O 8. c3 Re8 9. h3 Qd6 10. Re1 Be6 11. Qe2 Nd7 12. Nf1 f5 13. exf5 Bxf5 14. Nh4 Bh7 15. Be3 a5 16. Bxc5 Nxc5 17. Ne3 e4 18. d4 Nd3 19. Red1 Rf8 20. Rf1 Rae8 21. g4 Ne7 22. Bh1 Rf7 23. Nhg2 Ref8 24. Ne1 Rxf2 25. Rxf2 Rxf2 26. Qxf2 Nxf2 27. Kxf2 c5 28. Bg2 cxd4 29. cxd4 Qb6 30. N1c2 g5 31. b3 Kg7 32. Rd1 Bg8 33. Rb1 Nc6 34. Rd1 Qa7 35. Bf1 Kf6 36. Nf5 Qb8 37. Nce3 Qf4+ 38. Ke1 Ne7 39. Rd2 Nxf5 40. Nxf5 e3 41. Re2 Be6 42. Nxe3 Qxd4 43. Nd1 Qb4+ 44. Kf2 Qf4+ 45. Kg2 Qd6 46. Nf2 Bd7 47. Rd2 Qc6 48. Rd3 d4+ 49. Kg1 Qd6 50. Ne4+ Ke6 51. Nxd6 Kxd6 52. Rxd4+ 1-0

[Event "POR-ch Amateur 2018"]
[Site "Braga"]
[Date "2018.09.08"]
[Round "3"]
[White "Santos, Jose Miguel Sereno"]
[Black "Areal, Pedro"]
[Result "1/2-1/2"]
[ECO "B11"]
[WhiteElo "1706"]
[BlackElo "1732"]
[PlyCount "96"]
[EventDate "2018.09.02"]
[EventType "tourn"]
[EventCountry "POR"]
[TimeControl "40/5400+30:1800+30"]

1. e4 c6 2. Nc3 d5 3. Nf3 Bg4 4. h3 Bxf3 5. Qxf3 e6 6. Be2 Nf6 7. O-O Nbd7 8. d4 dxe4 9. Nxe4 Nxe4 10. Qxe4 Nf6 11. Qd3 Be7 12. c4 O-O 13. Bf4 Qd7 14. Rfd1 Rfd8 15. Bf3 Rac8 16. Be5 Ne8 17. Qe2 Bf6 18. Rac1 Qe7 19. a3 Nd6 20. Bxf6 Qxf6 21. d5 exd5 22. cxd5 cxd5 23. Rxc8 Rxc8 24. Bxd5 h6 25. Bb3 Re8 26. Qc2 Re7 27. Bd5 Kf8 28. Bf3 b6 29. Qc6 Ne8 30. Qb5 Qe5 31. Qb4 Kg8 32. Kf1 Qe6 33. a4 Qe5 34. b3 g6 35. Re1 Qxe1+ 36. Qxe1 Rxe1+ 37. Kxe1 Kf8 38. Kd2 Ke7 39. Kc3 Ke6 40. Kd4 Nc7 41. Be2 f6 42. Bc4+ Ke7 43. b4 Kf8 44. Ke4 Ke7 45. Kd4 Kf8 46. Ke4 Ke7 47. Kd4 Kf8 48. Ke4 Ke7 1/2-1/2

[Event "POR-ch Amateur 2018"]
[Site "Braga"]
[Date "2018.09.08"]
[Round "3"]
[White "Santos, Jose Miguel Sereno"]
[Black "Leao, Tiago Miguel Da Sil"]
[Result "0-1"]
[ECO "B40"]
[WhiteElo "1706"]
[BlackElo "2084"]
[PlyCount "74"]
[EventDate "2018.09.02"]
[EventType "tourn"]
[EventCountry "POR"]
[TimeControl "40/5400+30:1800+30"]

1. e4 c5 2. Nf3 e6 3. c3 Nf6 4. e5 Nd5 5. d4 cxd4 6. cxd4 d6 7. Bb5+ Bd7 8. Bxd7+ Nxd7 9. O-O dxe5 10. dxe5 Qc7 11. Re1 Be7 12. Bd2 O-O 13. Nc3 Nxc3 14. Bxc3 Rfd8 15. Qe2 Rac8 16. Rac1 Qb8 17. Red1 Nf8 18. Qe4 b5 19. a3 Rxd1+ 20. Rxd1 Bxa3 21. Ra1 Bc5 22. g3 h6 23. Nd4 b4 24. Bd2 Qb6 25. Be3 a5 26. Nb3 Bxe3 27. fxe3 Nd7 28. Nxa5 Qc5 29. Nb3 Qxe5 30. Qd4 Qxd4 31. Nxd4 Nb6 32. Ra6 Nc4 33. Nc6 Kh7 34. Nxb4 Nxb2 35. Nc6 Rc7 36. Kf2 Nd3+ 37. Kf3 Rxc6 0-1

[Event "POR-ch Amateur 2018"]
[Site "Braga"]
[Date "2018.09.09"]
[Round "3"]
[White "Ribeiro, Rodrigo"]
[Black "Areal, Pedro"]
[Result "0-1"]
[ECO "A50"]
[WhiteElo "1696"]
[BlackElo "1732"]
[PlyCount "74"]
[EventDate "2018.09.02"]
[EventType "tourn"]
[EventCountry "POR"]
[TimeControl "40/5400+30:1800+30"]
[WhiteClock "0:22:07"]
[BlackClock "1:18:11"]

1. d4 Nf6 2. c4 b6 3. Nc3 Bb7 4. Bf4 e6 5. e3 Bb4 6. Nf3 Nc6 7. Bd3 Ne7 8. O-O Bxc3 9. bxc3 Ng6 10. Bg3 Ne4 11. Ne5 Nxg3 12. Nxg6 hxg6 13. hxg3 Qg5 14. Re1 Qh6 15. f3 Qg5 16. Kf2 Qa5 17. Qc2 O-O-O 18. Rh1 Rh6 19. Rh4 Rdh8 20. Rah1 Rxh4 21. Rxh4 Rxh4 22. gxh4 Qh5 23. e4 Qxh4+ 24. Kf1 Qe7 25. d5 Kb8 26. Qb2 Qc5 27. Qd2 f6 28. Qc1 Ba6 29. Qd2 Bxc4 30. dxe6 dxe6 31. Bxc4 Qxc4+ 32. Kg1 Qc5+ 33. Kf1 Qd6 34. Qb2 g5 35. Qb3 g4 36. a4 g3 37. Qb4 Qd1# 0-1